 Dungeon Crawl Stone Soup version 0.20.1-1-g8b1a95d (webtiles) character file.

11208 Erac the Arsonist (level 11, -5/54 HPs)
             Began as a Deep Elf Fire Elementalist on Aug 19, 2017.
             Was a Believer of Vehumet.
             Slain by a swamp worm (19 damage)
             ... on level 2 of the Lair of Beasts.
             The game lasted 01:15:53 (15554 turns).

Erac the Arsonist (Deep Elf Fire Elementalist)     Turns: 15554, Time: 01:15:54

Health: -5/54      AC:  8    Str:  5    XL:     11   Next: 46%
Magic:  0/25       EV: 19    Int: 24    God:    Vehumet [**....]
Gold:   316        SH:  7    Dex: 15    Spells: 14/27 levels left

rFire    + . .     SeeInvis .   s - +2 dagger (elec)
rCold    . . .     Gourm    .   G - +2 buckler
rNeg     + . .     Faith    .   r - +2 robe {rN+}
rPois    .         Spirit   +   (no helmet)
rElec    .         Reflect  .   (no cloak)
rCorr    .         Harm     .   U - +0 pair of gloves
MR       ++...                  C - +2 pair of boots
Stlth    ++........             k - amulet of guardian spirit
Regen    0.2/turn               X - +5 ring of slaying
MPRegen  0.2/turn               M - ring of wizardry

@: no status effects
A: fire resistance 1, magic resistance 1, screaming 1
a: Renounce Religion


You were on level 2 of the Lair of Beasts.
You worshipped Vehumet.
Vehumet was pleased with you.
You were near starving.

You visited 3 branches of the dungeon, and saw 13 of its levels.
You also visited: Sewer.

You collected 575 gold pieces.
You spent 259 gold pieces at shops.

Inventory:

Hand Weapons
 o - a +2 dagger of protection
 s - a +2 dagger of electrocution (weapon)
Armour
 r - a +2 robe of positive energy (worn)
 C - a +2 pair of boots (worn)
 G - a +2 buckler (worn)
 U - a +0 pair of gloves (worn)
Jewellery
 h - an uncursed ring of see invisible
 k - an amulet of guardian spirit (around neck)
 x - an uncursed ring of flight
 I - an uncursed ring of protection from fire
 M - a ring of wizardry (right hand)
 O - a +2 ring of dexterity
 X - a +5 ring of slaying (left hand)
Wands
 a - a wand of confusion (33/48)
 p - a wand of enslavement (7/24)
 u - a wand of random effects (23/48)
 A - a wand of enslavement (10/24)
 E - a wand of polymorph (6/24)
 H - a wand of digging (4/24)
 K - a wand of iceblast (9/15)
 P - a wand of flame (35/48)
 Q - a wand of digging (16/24)
 S - a wand of scattershot (5/9)
 T - a wand of lightning (11/15)
 V - a wand of paralysis (15/24)
 W - a wand of clouds (4/9)
Scrolls
 d - a scroll of enchant armour
 e - 3 scrolls of fog
 g - 2 scrolls of blinking
 i - 10 scrolls of identify
 j - 4 scrolls of remove curse
 l - a scroll of immolation
 m - a scroll of fear
 n - a scroll of enchant weapon {unknown}
 v - 2 scrolls of teleportation
 F - a scroll of noise
Potions
 f - 6 potions of curing
 t - 2 potions of invisibility
 w - 5 potions of flight
 B - 4 potions of lignification
 J - a potion of heal wounds
 L - 2 potions of resistance
 Z - a potion of brilliance
Books
 b - a book of Flames

   Spells                             Type                      Level
   a - Flame Tongue                   Conjuration/Fire             1
   b - Throw Flame                    Conjuration/Fire             2
   c - Conjure Flame                  Conjuration/Fire             3
   d - Inner Flame                    Hexes/Fire                   3
   e - Sticky Flame                   Conjuration/Fire             4
   f - Fireball                       Conjuration/Fire             5
 y - a book of Maledictions

   Spells                             Type                      Level
   a - Corona                         Hexes                        1
   b - Ensorcelled Hibernation        Hexes/Ice                    2
   c - Confuse                        Hexes                        3
   d - Tukima's Dance                 Hexes                        3
   e - Dazzling Spray                 Conjuration/Hexes            3
 Y - a book of Air

   Spells                             Type                      Level
   a - Shock                          Conjuration/Air              1
   b - Swiftness                      Charms/Air                   2
   c - Static Discharge               Conjuration/Air              3
   d - Airstrike                      Air                          4
   e - Lightning Bolt                 Conjuration/Air              5
Comestibles
 c - 5 bread rations
 q - 5 meat rations
 z - 4 royal jellies
 D - 6 fruits


   Skills:
 - Level 10.1 Dodging
 - Level 2.4 Stealth
 - Level 4.0 Shields
 + Level 8.5 Spellcasting
 - Level 10.0 Conjurations
 - Level 10.6 Fire Magic
 + Level 6.7 Evocations


You had 14 spell levels left.
You knew the following spells:

 Your Spells              Type           Power        Failure   Level  Hunger
a - Flame Tongue          Conj/Fire      #####        1%          1    None
b - Conjure Flame         Conj/Fire      ######..     1%          3    None
c - Sticky Flame          Conj/Fire      ######..     1%          4    ##.....
d - Fireball              Conj/Fire      ######....   1%          5    ####...


Dungeon Overview and Level Annotations

Branches:
Dungeon (10/15)            Temple (1/1) D:7            Lair (2/6) D:9
    Orc (0/2) D:9
  Swamp: Lair:2-4    Shoals: Lair:2-4     Snake: Lair:2-4    Spider: Lair:2-4

Altars:
Cheibriados
Elyvilon
Kikubaaqudgha
Makhleb
Okawaru
Qazlal
Uskayaw
Vehumet
Xom
Zin

Shops:
D:4 [   D:8 *


Innate Abilities, Weirdness & Mutations

Your flesh is heat resistant. (rF+)
You are resistant to hostile enchantments. (MR+)
You occasionally shout uncontrollably at your foes.


Message History

The swamp worm is severely wounded.
The swamp worm bites you!
* * * LOW HITPOINT WARNING * * *
Casting: Conjure Flame
Confirm with . or Enter, or press ? or * to list all spells.
Aiming: Flame Tongue
Press: ? - help, Shift-Dir - straight line, f - swamp worm
Aim: a swamp worm (severely wounded)
The flame tongue hits the swamp worm.
The swamp worm is almost dead.
The swamp worm misses you.
Casting: Flame Tongue
Confirm with . or Enter, or press ? or * to list all spells.
Aiming: Flame Tongue
Press: ? - help, Shift-Dir - straight line, f/p - swamp worm
Aim: a swamp worm (almost dead)
The flame tongue hits the swamp worm.
The swamp worm appears unharmed.
The swamp worm is almost dead.
The swamp worm bites you!!
You die...

...........#
..........##
.........
..........####
#........
.............###
##........
...............##
#.........
.........##..#..#
#P........
...[....######.##
P........
.......##
#..######........
.......#
##.@w.#..a......#
.....###
#.####.#w#.#.##..
....#. #..##
#.#.#.#.# .....
....# #..
#..###.#..# .....
#.. ##. ... .#
..... #.# ..
.....#. ..... ##
.....#...##.....
.#...# .... .....
..#.. ..#.#.....


You could see a swamp worm.

Vanquished Creatures
  A queen ant (Lair:2)
  Joseph (D:8)
  A black mamba (Lair:2)
  2 spiny frogs
  2 komodo dragons (Lair:1)
  A hornet (D:9)
  4 hippogriffs
  Sigmund (D:3)
  9 yaks
  2 wyverns (D:9)
  A steam dragon (D:9)
  A basilisk (D:9)
  Grum (D:8)
  2 hungry ghosts
  3 swamp worms (Lair:2)
  11 soldier ants
  2 water moccasins (Lair:1)
  2 porcupines (Lair:1)
  A sky beast (D:5)
  A phantom (D:7)
  2 orc warriors (D:9)
  A black bear (D:8)
  3 centaurs (D:8)
  3 wolves (D:8)
  8 ogres
  A crocodile (D:9)
  A big kobold (D:9)
  3 bullfrogs
  4 scorpions
  The ghost of dscm the Shield-Bearer, a weakling DsFi (D:4)
  3 howler monkeys
  2 crimson imps (D:8)
  A bullfrog zombie (D:5)
  A quasit (D:4)
  4 hounds
  3 orc priests
  An iguana (D:8)
  7 orc wizards
  23 worker ants
  3 gnolls (D:5)
  7 adders
  2 shadow imps
  2 adder zombies
  3 worms
  2 dart slugs (D:2)
  8 leopard geckos
  30 orcs
  6 ball pythons
  8 giant cockroaches
  9 goblins
  8 hobgoblins
  18 jackals
  9 kobolds
  2 quokkas
  13 bats
  4 frilled lizards
  8 rats
263 creatures vanquished.

Vanquished Creatures (others)
  A fungus (Lair:2)
  A plant (Lair:2)
2 creatures vanquished.

Grand Total: 265 creatures vanquished

Notes
Turn   | Place    | Note
-------+----------+-------------------------------------------
     0 | D:1      | Erac the Deep Elf Fire Elementalist began the quest for the Orb.
     0 | D:1      | Reached XP level 1. HP: 10/10 MP: 6/6
   484 | D:1      | Reached XP level 2. HP: 15/15 MP: 6/8
  1365 | D:2      | Found a white marble altar of Elyvilon.
  1377 | D:2      | Reached XP level 3. HP: 19/19 MP: 6/9
  1484 | D:2      | Learned a level 3 spell: Conjure Flame
  2247 | D:3      | Found a glowing drain.
  2549 | Sewer    | Entered a sewer
  2551 | Sewer    | Reached XP level 4. HP: 24/24 MP: 6/10
  3171 | D:3      | Noticed Sigmund
  3185 | D:3      | Killed Sigmund
  3185 | D:3      | Reached skill level 5 in Fire Magic
  3185 | D:3      | Reached XP level 5. HP: 18/28 MP: 1/11
  3185 | D:3      | Reached XP level 6. HP: 20/32 MP: 1/12
  3678 | D:4      | Found Rown's Antique Armour Shoppe.
  4052 | D:3      | Learned a level 4 spell: Sticky Flame
  4251 | D:4      | Noticed dscm's ghost (weakling DsFi)
  4260 | D:4      | Killed dscm's ghost
  4556 | D:4      | Reached XP level 7. HP: 35/36 MP: 8/13
  4778 | D:4      | Reached skill level 5 in Conjurations
  4882 | D:4      | Reached skill level 5 in Dodging
  5431 | D:5      | Entered Level 5 of the Dungeon
  5568 | D:4      | Bought a shiny buckler for 187 gold pieces
  5707 | D:5      | Reached skill level 1 in Shields
  6458 | D:6      | Reached XP level 8. HP: 41/41 MP: 11/14
  6888 | D:6      | Found a burning altar of Makhleb.
  6888 | D:6      | Noticed a blizzard demon
  6891 | D:6      | Noticed an orange demon
  6891 | D:6      | Noticed an orange demon
  7360 | D:7      | Found an iron altar of Okawaru.
  7840 | D:7      | Found a staircase to the Ecumenical Temple.
  8058 | Temple   | Entered the Ecumenical Temple
  8068 | Temple   | Became a worshipper of Vehumet
  8493 | D:8      | Noticed a hippogriff
  8498 | D:8      | Killed a hippogriff
  8696 | D:8      | Reached XP level 9. HP: 18/45 MP: 6/15
  9167 | D:8      | Noticed Grum
  9191 | D:8      | Killed Grum
  9595 | D:8      | Found Wudeuheub's General Store.
  9602 | D:8      | Bought 2 potions of curing for 72 gold pieces
  9614 | D:8      | Learned a level 5 spell: Fireball
  9624 | D:8      | Noticed Joseph
  9637 | D:8      | Killed Joseph
 10399 | D:8      | Found a snail-covered altar of Cheibriados.
 10501 | D:9      | You fall through a shaft!
 10501 | D:10     | Entered Level 10 of the Dungeon
 11040 | D:9      | Reached skill level 10 in Fire Magic
 11040 | D:9      | Reached XP level 10. HP: 42/50 MP: 5/16
 11602 | D:9      | Found a staircase to the Lair.
 11703 | D:9      | Found a shimmering altar of Xom.
 11806 | D:9      | Found an ancient bone altar of Kikubaaqudgha.
 11839 | D:9      | Reached * piety under Vehumet
 11839 | D:9      | Offered knowledge of Sting by Vehumet.
 11959 | D:9      | Gained mutation: You occasionally shout uncontrollably at your foes. [potion of mutation]
 11959 | D:9      | Gained mutation: You are resistant to hostile enchantments. (MR+) [potion of mutation]
 11959 | D:9      | Gained mutation: Your flesh is heat resistant. (rF+) [potion of mutation]
 12102 | D:9      | Found a staircase to the Orcish Mines.
 12202 | D:9      | Reached skill level 10 in Conjurations
 12271 | Lair:1   | Entered Level 1 of the Lair of Beasts
 12288 | Lair:1   | Reached skill level 1 in Evocations
 12922 | Lair:1   | Noticed a spiny frog
 12931 | Lair:1   | Killed a spiny frog
 12931 | Lair:1   | Reached skill level 5 in Spellcasting
 13746 | Lair:1   | Reached XP level 11. HP: 16/54 MP: 5/22
 13975 | Lair:1   | Reached skill level 10 in Dodging
 14781 | Lair:2   | Reached skill level 5 in Evocations
 14789 | Lair:2   | Offered knowledge of Sandblast by Vehumet.
 14789 | Lair:2   | Reached ** piety under Vehumet
 15143 | Lair:2   | Noticed a queen ant
 15169 | Lair:2   | Killed a queen ant
 15185 | Lair:2   | Noticed a five-headed hydra
 15554 | Lair:2   | Slain by a swamp worm

Skill      XL: |  1  2  3  4  5  6  7  8  9 10 11 |
---------------+----------------------------------+-----
Dodging        | 3 4 5 6 8 9 10 | 10.1
Conjurations   | 2 3 4 5 6 9 10 | 10.0
Fire Magic     | 4 5 6 7 8 10 | 10.6
Shields        | 1 4 |  4.0
Evocations     | 4 6 |  6.7
Spellcasting   | 6 8 |  8.5
Stealth        | |  2.4

Action                   |  1- 3 |  4- 6 |  7- 9 | 10-12 || total
-------------------------+-------+-------+-------+-------++-------
Melee: Dagger            |     7 |    12 |    40 |    45 ||   104
       Short sword       |     2 |       |       |       ||     2
 Cast: Flame Tongue      |    78 |   113 |   160 |    82 ||   433
       Conjure Flame     |       |     3 |     6 |    13 ||    22
       Sticky Flame      |       |       |    39 |    54 ||    93
       Fireball          |       |       |     5 |    23 ||    28
Evoke: Wand              |       |       |     1 |     3 ||     4
  Use: Potion            |       |     6 |       |     8 ||    14
       Scroll            |       |     5 |     1 |    11 ||    17
 Stab: Sleeping          |       |       |     1 |       ||     1
  Eat: Chunk             |     5 |     6 |    28 |    17 ||    56
       Bread ration      |       |       |     1 |     1 ||     2
       Fruit             |       |       |       |     2 ||     2
Armor: Robe              |    11 |    16 |    22 |    11 ||    60
Dodge: Dodged            |    35 |    32 |   102 |   101 ||   270
Block: Buckler           |       |       |    31 |    45 ||    76
